 Dungeon Crawl Stone Soup version 0.19-a0-261-g60b6c46 (webtiles) character file.

156 AlphabetPasta the Magician (level 5, 0/28 HPs)
             Began as a Deep Elf Wizard on May 26, 2016.
             Slain by an orc
             ... wielding a +2 flail of protection
              (6 damage)
             ... on level 2 of the Dungeon.
             The game lasted 00:11:51 (2780 turns).

AlphabetPasta the Magician (Deep Elf Wizard)        Turns: 2780, Time: 00:11:51

Health: 0/28       AC:  2    Str:  4    XL:     5   Next: 14%
Magic:  10/15      EV: 13    Int: 24    God:
Gold:   207        SH:  0    Dex: 13    Spells: 6 memorised, 3 levels left

rFire  . . .     SeeInvis .     (no weapon)
rCold  . . .     Gourm    .     a - +0 robe
rNeg   . . .     Faith    .     (no shield)
rPois  .         Spirit   .     b - +0 hat
rElec  .         Dismiss  .     (no cloak)
rCorr  .         Reflect  .     (no gloves)
SustAt .         Harm     .     (no boots)
MR     .....                    (no amulet)
Stlth  ++........               (no ring)
                                (no ring)

@: repel missiles, not resistant to hostile enchantments, unstealthy
A: no striking features
a: no special abilities


You were on level 2 of the Dungeon.
You were hungry.

You visited 1 branch of the dungeon, and saw 3 of its levels.

You collected 207 gold pieces.

Inventory:

Armour
 a - a +0 robe (worn)
 b - a +0 hat (worn)
 l - a +0 shield
Jewellery
 p - a cursed ring of loudness {unknown}
Scrolls
 f - 3 scrolls of teleportation {unknown}
 i - a scroll of remove curse {unknown}
 o - a scroll of amnesia {unknown}
 s - a scroll of immolation {unknown}
 t - a scroll of blinking {unknown}
 u - a scroll of magic mapping {unknown}
 x - a scroll of identify {unknown}
Potions
 e - a potion of mutation {unknown}
 g - a potion of berserk rage {unknown}
 h - a potion of ambrosia {unknown}
 j - 3 potions of lignification {unknown}
 m - a potion of heal wounds {unknown}
 n - a potion of brilliance {unknown}
 q - a potion of curing {unknown}
 v - a potion of flight {unknown}
 w - a potion of might {unknown}
Books
 c - a book of Minor Magic

   Spells                             Type                      Level
   a - Magic Dart                     Conjuration                  1
   b - Blink                          Translocation                2
   c - Call Imp                       Summoning                    2
   d - Repel Missiles                 Charms/Air                   2
   e - Slow                           Hexes                        2
   f - Conjure Flame                  Conjuration/Fire             3
   g - Mephitic Cloud                 Conjuration/Poison/Air       3
Comestibles
 d - a bread ration
 k - a royal jelly
 r - 3 chunks of flesh


   Skills:
 - Level 2.8 Dodging
 - Level 2.4 Stealth
 + Level 1.2 Shields
 * Level 6.1 Spellcasting
 + Level 2.8 Conjurations
 + Level 0.4 Charms
 - Level 1.1 Summonings
 - Level 1.1 Translocations
 - Level 1.0 Fire Magic
 - Level 1.0 Air Magic


You had 3 spell levels left.
You knew the following spells:

 Your Spells              Type           Power        Failure   Level  Hunger
a - Magic Dart            Conj           ###.         2%          1    None
b - Blink                 Tloc           N/A          10%         2    None
c - Call Imp              Summ           ##......     10%         2    None
d - Repel Missiles        Chrm/Air       ##....       12%         2    None
e - Conjure Flame         Conj/Fire      ###.....     14%         3    #......
f - Mephitic Cloud        Conj/Pois/Air  ##......     17%         3    #......


Dungeon Overview and Level Annotations

Branches:
Dungeon (3/15)

Altars:
Fedhas
Qazlal

Annotations:
D:3 Purgy


Message History

The orc barely misses you.
Casting: Magic Dart
Confirm with . or Enter, or press ? or * to list all spells.
Aiming: Magic Dart
Press: ? - help, Shift-Dir - straight line, f/p - orc
Aim: an orc, wielding a flail of protection and wearing a ring mail (heavily wounded)
The magic dart hits the orc.
The orc is almost dead.
The orc hits you with a flail of protection!
* * * LOW HITPOINT WARNING * * *
Your crimson imp hits the orc.
Your crimson imp disappears in a puff of smoke!
There is a stone staircase leading up here.
You are feeling hungry.
The orc hits you with a flail of protection.
* * * LOW HITPOINT WARNING * * *
You climb upwards.
There is a stone staircase leading down here.
The orc hits you with a flail of protection.
You die...

########### #.........########
#....####........# ##### #....#
#.######@###^..# #....# #.#
#..o...#.#.########## #....# #.#
#......#.#........... #....#
#.###......#.####........ #....#
#..........#.####......##
#########..........#.#.........#.
...................#.####......#.
..........>..#######.#.........#.
#########.(..#.......##.########.


You could see an orc.

Vanquished Creatures
  Jessica (D:2)
  Terence (D:2)
  4 adders (D:2)
  A worm (D:2)
  3 dart slugs
  3 giant geckos (D:2)
  2 orcs (D:3)
  A giant cockroach (D:1)
  11 goblins
  6 hobgoblins
  2 jackals (D:1)
  5 kobolds
  8 bats
  3 giant newts
  4 rats
55 creatures vanquished.

Vanquished Creatures (collateral kills)
  2 orcs (D:3)
  A goblin (D:3)
3 creatures vanquished.

Grand Total: 58 creatures vanquished

Notes
Turn   | Place    | Note
--------------------------------------------------------------
     0 | D:1      | AlphabetPasta the Deep Elf Wizard began the quest for the Orb.
     0 | D:1      | Reached XP level 1. HP: 10/10 MP: 7/7
   289 | D:1      | Reached XP level 2. HP: 15/15 MP: 6/9
   293 | D:1      | Learned a level 2 spell: Blink
   296 | D:1      | Learned a level 2 spell: Call Imp
   299 | D:1      | Learned a level 2 spell: Repel Missiles
  1088 | D:2      | Noticed Jessica
  1097 | D:2      | Killed Jessica
  1097 | D:2      | Reached skill level 5 in Spellcasting
  1097 | D:2      | Reached XP level 3. HP: 19/19 MP: 2/11
  1119 | D:2      | Learned a level 3 spell: Conjure Flame
  1355 | D:2      | Reached skill level 1 in Air Magic
  1360 | D:2      | Learned a level 3 spell: Mephitic Cloud
  1430 | D:2      | Reached XP level 4. HP: 24/24 MP: 7/13
  1482 | D:2      | Found a blossoming altar of Fedhas.
  1482 | D:2      | Found a stormy altar of Qazlal.
  1731 | D:2      | Noticed Terence
  1793 | D:2      | Killed Terence
  1793 | D:2      | Reached skill level 6 in Spellcasting
  1942 | D:2      | Reached skill level 1 in Fire Magic
  2345 | D:2      | Reached skill level 1 in Shields
  2353 | D:2      | Reached XP level 5. HP: 28/28 MP: 13/15
  2455 | D:3      | Noticed Purgy
  2780 | D:2      | Slain by an orc

Vault maps used:
D:1:      evilmike_arrival_rings
D:2:      grunt_temple_overflow_forces_of_nature, serial_co_window_serial,
          co_window_corner_a, co_window_paths_a, co_window_paths_a,
          co_window_of_opportunity_a, co_window_paths_a,
          co_window_of_opportunity_a, co_window_paths_a, co_window_corner_a,
          co_window_cross_1, co_window_2corner, co_window_broadway_c,
          co_window_corner_b, co_window_unsneaky_path_d, co_window_corner_ca,
          glass_columns_a, uniq_jessica, uniq_terence
D:3:      gammafunk_temple_overflow_claw, nicolae_overflow_hidden_temple,
          first_bread, uniq_purgy

Skill      XL: |  1  2  3  4 |
---------------+-------------+-----
Spellcasting   | 5 6 |  6.1
Conjurations   | 2 |  2.8
Air Magic      | 1 |  1.0
Fire Magic     | 1 |  1.0
Shields        | 1 |  1.2
Dodging        | |  2.8
Stealth        | |  2.4
Charms         | |  0.4
Summonings     | |  1.1
Translocations | |  1.1

Action                   |  1- 3 |  4- 6 || total
-------------------------+-------+-------++-------
Melee: Unarmed           |       |    21 ||    21
 Cast: Magic Dart        |    57 |    82 ||   139
       Call Imp          |     1 |     2 ||     3
       Repel Missiles    |     1 |       ||     1
       Mephitic Cloud    |       |     2 ||     2
  Eat: Chunk             |     1 |     4 ||     5
Armor: Robe              |     1 |     4 ||     5
Dodge: Dodged            |     2 |    22 ||    24
       Deflected         |       |     1 ||     1
